Construct Infanterie Kompanie
Selects Luftwaffe Battlegroup
Selects Fallschirmpioneer Squad Paradrop
Construct Panzergrenadier Kompanie
Construct Luftwaffe Kompanie
Selects Stuka Strafing Run
Selects Fallschirmjäger Squad Paradrop
Fallschirmjäger Squad Paradrop
Fallschirmjäger Squad Paradrop
Selects LG40 Recoilless Launcher Paradrop
LG40 Recoilless Launcher Paradrop
LG40 Recoilless Launcher Paradrop
Construct Panzer Kompanie
Selects Infantry Reserves